 Dungeon Crawl Stone Soup version 0.27.1-3-gb3d3a73c9e (webtiles) character file.

Game seed: 4995946928740893334

598723 Delver the Slayer (level 26, -12/241 (246) HPs)
             Began as a Minotaur Hunter on Sept 28, 2021.
             Was a High Priest of Trog.
             Mangled by an emperor scorpion (16 damage)
             ... summoned by a royal mummy
             ... on level 3 of the Tomb of the Ancients on Oct 18, 2021.
             The game lasted 20:40:51 (69478 turns).

Delver the Slayer (Minotaur Hunter)                Turns: 69478, Time: 20:40:52

HP:   -12/241 (246) AC: 41    Str: 25      XL:     26   Next: 42%
MP:   20/22         EV: 17    Int:  3 (5)  God:    Trog [*****.]
Gold: 2835          SH:  0    Dex: 18      Spells: 25/25 levels left

rFire    + . .     SeeInvis .   c - +7 executioner's axe (holy)
rCold    + . .     Faith    .   (shield currently unavailable)
rNeg     + + .     Spirit   .   y - +9 plate armour "Qeurih" {rF+ Will+}
rPois    +         Reflect  .   (helmet restricted)
rElec    +         Harm     .   t - +2 cloak of Heresy {rPois Will+ Int-3}
rCorr    .         Rampage  ∞   a - +2 pair of gloves {Str+3}
Will     +++++                  B - +3 pair of seven-league boots {Rampage+∞}
Stlth    ++........             D - amulet of the acrobat
HPRegen  0.50/turn              J - ring "Epulepn" {Wiz +Blink rN+}
MPRegen  0.18/turn              q - ring of Dithmenos's Esteem {Drain rElec rC+ rN+ Will++}

@: studying 2 skills, lightly drained
A: horns 2, retaliatory headbutt
}: 3/15 runes: serpentine, barnacled, silver
a: Renounce Religion, Evoke Blink, Berserk, Trog's Hand, Brothers in Arms


You were on level 3 of the Tomb of the Ancients.
You worshipped Trog.
Trog was extremely pleased with you.
You visited 11 branches of the dungeon, and saw 51 of its levels.
You also visited: Trove, Gauntlet, Volcano, Wizlab and Desolation.

You collected 7584 gold pieces.
You spent 4749 gold pieces at shops.

Inventory:

Hand Weapons
 c - a +7 executioner's axe of holy wrath (weapon)
 d - the +7 arbalest "Duaxoy" {vorpal, Str+7}
   (You found it on level 1 of the Vaults)

   Any ammunition fired from it inflicts extra damage upon your enemies.
   Str:       It affects your strength (+7).
 s - a +9 eveningstar of electrocution
 z - the +5 hand crossbow "Hellblazer" {venom, rElec rPois rC+ Dex-5}
   (You found it on level 2 of the Depths)

   Any ammunition fired from it poisons the flesh of those it strikes.
   Dex:       It affects your dexterity (-5).
   rC:        It protects you from cold.
   rElec:     It insulates you from electricity.
   rPois:     It protects you from poison.
 G - the +3 flail of Dysiutwu {flame, rElec Will++ Dex-5 Stlth+}
   (You found it in the Desolation of Salt)

   It burns those it strikes, dealing additional fire damage.
   Dex:       It affects your dexterity (-5).
   rElec:     It insulates you from electricity.
   Will:      It greatly increases your willpower.
   Stlth:     It makes you more stealthy.
 P - a +8 war axe of flaming
 Y - a +7 antimagic mace
Missiles
 n - 1437 bolts
 R - 3 boomerangs of dispersal (quivered)
Armour
 a - a +2 pair of gloves of strength (worn)
 f - the +2 chain mail of Inquiry {rF+ Str+6}
   (You bought it in a shop on level 10 of the Dungeon)

   Str:       It affects your strength (+6).
   rF:        It protects you from fire.
 j - a +1 pair of boots of flying
 t - the +2 cloak of Heresy (worn) {rPois Will+ Int-3}
   (You bought it in a shop on level 2 of the Orcish Mines)

   Int:       It affects your intelligence (-3).
   rPois:     It protects you from poison.
   Will:      It increases your willpower.
 y - the +9 plate armour "Qeurih" (worn) {rF+ Will+}
   (You took it off a vault guard on level 5 of the Vaults)

   rF:        It protects you from fire.
   Will:      It increases your willpower.
 B - the +3 pair of seven-league boots (worn) {Rampage+∞}
   (You found it in a treasure trove)

   Its wearer moves as far as possible in that direction when moving towards
   enemies.
 C - a scarf of repulsion
 I - a +5 kite shield of positive energy
 M - a +3 tower shield of reflection
 Q - a +1 crystal plate armour
Jewellery
 e - a +4 ring of evasion
 i - a ring of protection from fire
 o - a +4 ring of protection
 q - the ring of Dithmenos's Esteem (right hand) {Drain rElec rC+ rN+ Will++}
   (You took it off an imperial myrmidon in the Desolation of Salt)

   [ring of positive energy]

   rC:        It protects you from cold.
   rElec:     It insulates you from electricity.
   rN:        It protects you from negative energy.
   Drain:     It drains your maximum health when unequipped.
   Will:      It greatly increases your willpower.
 r - a +4 ring of protection
 A - a ring of resist corrosion
 D - an amulet of the acrobat (around neck)
 E - a ring of see invisible
 J - the ring "Epulepn" (left hand) {Wiz +Blink rN+}
   (You took it off a deep elf demonologist on level 5 of the Vaults)

   [ring of wizardry]

   It improves your spell success rate.
   rN:        It protects you from negative energy.
   +Blink:    It lets you blink.
Wands
 l - a wand of flame (319)
 u - a wand of iceblast (7)
 K - a wand of digging (12)
 X - a wand of mindburst (25)
Scrolls
 g - 8 scrolls of fog
 h - 12 scrolls of teleportation
 v - 2 scrolls of fear
 T - a scroll of identify
 W - 4 scrolls of magic mapping
Potions
 m - 2 potions of magic
 p - a potion of haste
 w - 3 potions of might
 F - 13 potions of curing
 L - 3 potions of resistance
 N - 4 potions of invisibility
 S - a potion of cancellation
 V - 3 potions of ambrosia
Miscellaneous
 b - a condenser vane
 x - a phantom mirror
 H - a box of beasts (inert)
 O - a tin of tremorstones (inert)
 U - a lightning rod (3/4)


   Skills:
 + Level 21.9 Fighting
 + Level 14.0(19.7) Axes
 - Level 20.5(22.2) Maces & Flails
 + Level 11.7(15.1) Polearms
 - Level 8.1(17.0) Staves
 + Level 18.1 Crossbows
 + Level 21.2 Armour
 + Level 17.8 Dodging
 + Level 14.5 Stealth
 * Level 20.8 Shields
 + Level 14.4 Evocations


You had 25 spell levels left.
You didn't know any spells.
Your spell library contained the following spells:

 Spells                   Type           Power      Damage    Failure   Level
 Magic Dart               Conj           0%         1d3       71%         1
 Call Imp                 Summ           0%         N/A       85%         2
 Dazzling Flash           Conj/Hex       0%         N/A       96%         3
 Mephitic Cloud           Conj/Pois/Air  0%         N/A       96%         3
 Iskenderun's Mystic Bla  Conj/Tloc      0%         2d3       100%        4
 Starburst                Conj/Fire      0%         6d3       100%        6


Dungeon Overview and Level Annotations

Branches:
Dungeon (15/15)            Temple (1/1) D:5            Lair (6/6) D:8
 Shoals (4/4) Lair:3        Snake (4/4) Lair:3        Slime (0/5) Lair:6
    Orc (2/2) D:10            Elf (3/3) Orc:2        Vaults (5/5) D:13
  Crypt (3/3) Vaults:3       Tomb (3/3) Crypt:3      Depths (5/5) D:15
    Zot (0/5) Depths:5    Volcano (visited)          WizLab (visited)
Desolation (visited)      Gauntlet (visited)

Altars:
Ashenzari
Cheibriados
Dithmenos
Elyvilon
Fedhas
Gozag
Hepliaklqana
Kikubaaqudgha
Makhleb
Nemelex Xobeh
Okawaru
Qazlal
Ru
Sif Muna
Trog
Uskayaw
Vehumet
Wu Jian
Xom
Yredelemnul
Zin
The Shining One
Beogh
Lugonu

Shops:
D:10 [   Orc:2 (:*[   Elf:1 (*!!*   Elf:3 ?   Shoals:4 ****   Snake:2 =::*
Snake:4 *!   Vaults:1 :   Depths:3 !   Depths:5 =

Portals:
Hell: Depths:1 Depths:2 Depths:3 Depths:4 Depths:5
Abyss: Depths:1 Depths:4
Pandemonium: Depths:3
Ziggurat: Depths:1

Annotations:
Elf:3 3 runed translucent doors, OdinelGallardo's ghost, adept DECj
Depths:2 1 runed translucent door
Depths:4 8 runed translucent doors
Depths:5 1 runed translucent door, Viocziel's ghost, adept TrMo


Innate Abilities, Weirdness & Mutations

You have a pair of horns on your head.
You reflexively headbutt those who attack you in melee.


Message History

Your deep troll bites the skeletal warrior!!
Your deep troll misses the skeletal warrior.
Your deep troll claws the skeletal warrior!
Found 29 stones.
Your ogre goes berserk!
The ancient champion drops a net on you.
You become entangled in the net!
Aiming: Thunderbolt
Press: ? - help, Shift-Dir - straight line, f - skeletal warrior
Aim: a skeletal warrior, wielding a +0 scimitar (severely damaged, ally target)
The thunderbolt hits the skeletal warrior.
The skeletal warrior is severely damaged.
You hear a screech!
Your ogre hits the ancient champion but does no damage.
You struggle against the net.
The ancient champion misses you. You furiously retaliate!
You headbutt the ancient champion!
The ancient champion hits your ogre with a +2 battleaxe of draining!
Your ogre barely misses the ancient champion.
The skeletal warrior hits you but does no damage.
You struggle against the net.
The ancient champion barely misses you. You furiously retaliate!
You headbutt the ancient champion, but do no damage.
The ancient champion hits your ogre with a +2 battleaxe of draining!!
The ancient champion drains your ogre!
Your ogre dies!
Your ogre's corpse disappears in a puff of smoke!
The ancient champion hits you with a +2 battleaxe of draining.
* * * LOW HITPOINT WARNING * * *
You partially resist.
You feel drained.
The skeletal warrior hits you with a +0 scimitar!
* * * LOW HITPOINT WARNING * * *
You blink.
The ancient champion points at you and mumbles some strange words.
The iron shot hits you!
* * * LOW HITPOINT WARNING * * *
The fire giant zombie hits you but does no damage.
You blink.
A bennu comes into view.
The skeletal warrior barely misses you. The emperor scorpion stings you!
You die...

#..# #..# #§.#
#z.# #..# #zz#
##..# #####zZ§#
##.MV@.[##
#...s..##
###'#####
##M.4.###
##.M.V...###
##M.........#
##<^.........#
##...........)$#
#....[.M.○.$$$$#


You could see an emperor scorpion (summoned), an ancient champion (fast), 2
skeletal warriors, a jiangshi (summoned), 3 guardian mummies, a mummy (summoned)
and a fire giant zombie (summoned).

Vanquished Creatures
  A dread lich (Vaults:5)
  2 ancient liches
  A royal mummy (Depths:3)
  Sojobo (Vaults:2)
  Frederick (Crypt:3)
  Boris (Vaults:5)
  Margery (Crypt:3)
  Xtahua (Depths:4)
  Saint Roka (Orc:2)
  A golden dragon (Vaults:5)
  5 caustic shrikes
  2 bone dragons
  5 tentacled monstrosities
  Jorgrun (Shoals:2)
  7 liches
  2 quicksilver dragons
  3 titans (Vaults:5)
  A kraken (Shoals:4)
  10 sphinxes
  6 deep elf blademasters (Elf:3)
  3 deep elf master archers (Elf:3)
  Polyphemus (Shoals:2)
  4 ancient champions
  4 storm dragons
  7 shadow dragons
  Agnes (D:14)
  Donald (Vaults:3)
  8 tengu reavers
  4 nagarajas
  7 fire giants
  An orc warlord (Vaults:1)
  An iron dragon (Depths:5)
  2 deep elf sorcerers (Elf:3)
  4 spectral caustic shrikes
  An imperial myrmidon (Desolation)
  A draconian scorcher (Depths:5)
  Aizul (Snake:1)
  8 frost giants
  3 curse skulls
  17 vault wardens
  3 deep elf elementalists (Elf:3)
  19 ironbound preservers
  15 very ugly things
  A ghoul (Crypt:1)
  A draconian annihilator (Depths:5)
  A caustic shrike skeleton (Crypt:2)
  6 war gargoyles
  19 stone giants
  A green draconian (Depths:5)
  2 bennus (Tomb:3)
  A spark wasp (Depths:4)
  7 vampire knights
  2 deep elf demonologists (Vaults:5)
  7 dire elephants
  7 deep elf annihilators
  8 purple draconians (WizLab)
  2 red draconians (Depths:5)
  A minotaur (Gauntlet)
  3 yellow draconians (Depths:5)
  An entropy weaver (Vaults:4)
  Snorg (Lair:6)
  3 merfolk javelineers
  3 deep elf death magi
  8 mummy priests
  5 crystal guardians
  3 eidola
  6 merfolk impalers
  9 statues (WizLab)
  21 yaktaur captains
  16 ettins
  9 jiangshi
  6 ragged hierophants (Desolation)
  6 boulder beetles
  4 fire dragons
  5 deep elf high priests
  4 ironbound thunderhulks
  5 ice dragons
  Erolcha (D:10)
  5 rakshasas
  17 naga warriors
  9 servants of whispers (Desolation)
  A quicksilver dragon skeleton (Crypt:3)
  3 great orbs of eyes
  A fenstrider witch zombie (Crypt:2)
  37 vault guards
  6 spriggan air magi
  A catoblepas (Shoals:2)
  A hydra (shapeshifter) (Depths:2)
  3 salamander tyrants
  7 peacekeepers
  5 merfolk avatars
  11 hydras
  15 centaur warriors
  3 alligator snapping turtles (Shoals:4)
  4 merfolk aquamancers
  13 death scarabs
  29 dancing weapons
  8 ironbound frosthearts
  8 anacondas
  4 death knights
  7 tengu warriors
  Urug (Lair:1)
  8 deep troll shamans
  7 two-headed ogres
  7 death yaks
  11 naga sharpshooters
  10 deep troll earth magi
  4 spriggan berserkers
  An orc high priest (Orc:2)
  12 hell knights
  7 ironbound beastmasters
  A titan zombie (Crypt:3)
  2 titan skeletons (Crypt:2)
  7 vampire magi
  5 sun demons
  11 shock serpents
  11 deep elf knights
  A salamander mystic (Snake:4)
  6 iron trolls
  28 skeletal warriors
  57 deep trolls
  2 shadow wraiths (Crypt:2)
  A sea snake (shapeshifter) (Vaults:3)
  2 flayed ghosts
  16 sea snakes
  A golden dragon zombie (Depths:3)
  2 naga ritualists (Snake:4)
  A gelid demonspawn (Depths:3)
  A storm dragon skeleton (Crypt:3)
  A glowing orange brain (Depths:5)
  3 orc knights
  6 phantasmal warriors
  11 deep elf archers
  2 tengu zombies (Depths:3)
  7 lindwurms
  28 harpies
  A lindwurm (shapeshifter) (Vaults:5)
  26 deep elf pyromancers
  21 ironbound convokers
  16 deep elf zephyrmancers
  12 necromancers
  8 wizards
  6 mana vipers
  An orc sorcerer (Orc:2)
  2 frost giant zombies
  2 wolf spiders (Lair:6)
  6 fauns
  12 salamanders
  3 iron dragon zombies (Crypt:2)
  9 cyclopes
  14 manticores
  A stone giant zombie (Vaults:4)
  49 ugly things
  A shadow dragon skeleton (Crypt:3)
  A fire giant zombie (Crypt:1)
  2 rust devils (Depths:3)
  13 elephants
  3 spriggan zombies (Depths:3)
  An iron dragon skeleton (Crypt:3)
  35 black mambas
  3 stone giant skeletons
  5 water nymphs
  11 merfolk sirens
  2 smoke demons
  13 vault sentinels
  A black mamba (shapeshifter) (Depths:3)
  12 naga magi
  3 gargoyles
  5 guardian serpents
  Maurice (D:10)
  A fire giant skeleton (Tomb:2)
  A minotaur zombie (Crypt:1)
  18 cane toads
  2 molten gargoyles (Desolation)
  A hellion (Depths:3)
  A dire elephant zombie (Crypt:2)
  2 unseen horrors (D:10)
  A kobold demonologist (D:14)
  3 rime drakes
  49 yaktaurs
  2 efreet (D:14)
  14 guardian mummies
  A redback zombie (Crypt:1)
  7 komodo dragons
  2 freezing wraiths
  A green draconian skeleton (Crypt:2)
  18 tengu conjurers
  38 merfolk
  2 queen bees
  6 trolls
  A hydra zombie (Crypt:2)
  A red devil (Depths:3)
  An iron troll zombie (Crypt:2)
  7 hornets
  9 wind drakes
  2 meliai (shapeshifter)
  A meliai (D:13)
  A hydra skeleton (Crypt:2)
  A raiju (Gauntlet)
  49 saltlings (Desolation)
  2 ice dragon zombies
  A polar bear (Lair:2)
  13 blink frogs
  A dream sheep (shapeshifter) (Depths:3)
  2 fire dragon zombies (Crypt:3)
  9 snapping turtles
  15 dream sheep
  An alligator zombie (Crypt:1)
  24 slime creatures
  A spectral black mamba (Gauntlet)
  An ettin zombie (Crypt:2)
  52 flying skulls
  5 air elementals
  A fire dragon skeleton (Crypt:2)
  An ice dragon skeleton (Crypt:3)
  A black mamba zombie (Crypt:2)
  2 ettin skeletons
  2 spriggans (Depths:3)
  6 water elementals
  2 vampires
  A spriggan (shapeshifter) (Elf:1)
  5 wraiths
  A yak (shapeshifter) (D:15)
  A golden eye (shapeshifter) (Elf:2)
  6 redbacks
  68 yaks
  17 wyverns
  A fire elemental (Elf:3)
  A wyvern (shapeshifter) (D:15)
  6 basilisks
  8 ushabtiu
  6 vampire mosquitoes
  9 steam dragons
  2 chaos spawn (Depths:3)
  4 wargs
  34 nagas
  35 water moccasins
  3 human zombies
  2 hell hounds (Orc:2)
  A two-headed ogre skeleton (Crypt:1)
  2 acid dragons
  A cane toad zombie (Crypt:1)
  A floating eye (shapeshifter) (Vaults:5)
  2 floating eyes (Depths:4)
  A manticore zombie (Tomb:1)
  An ice beast (D:6)
  2 sky beasts (D:7)
  A hornet zombie (Crypt:1)
  18 orc warriors
  A black bear (Lair:3)
  5 ogres
  3 boggarts (Vaults:2)
  12 centaurs
  8 necrophages
  18 wolves
  A centaur (shapeshifter) (Depths:5)
  A snapping turtle skeleton (Tomb:1)
  An octopode zombie (Crypt:1)
  2 kobold brigands
  7 bullfrogs
  3 earth elementals
  A wyvern zombie (D:7)
  4 scorpions
  A water moccasin zombie (D:6)
  A cyclops skeleton (Crypt:2)
  A troll zombie (Crypt:3)
  A water moccasin skeleton (Crypt:2)
  36 killer bees
  3 wights
  12 howler monkeys
  5 electric eels
  5 centaur zombies
  A bullfrog zombie (D:6)
  4 jellies
  A gnoll shaman (D:7)
  5 hounds
  10 orc priests
  2 human skeletons
  2 centaur skeletons
  A black bear skeleton (Crypt:2)
  2 iguanas
  27 orc wizards
  A scorpion zombie (D:5)
  A tengu skeleton (Crypt:1)
  20 mummies
  A howler monkey zombie (D:9)
  13 gnolls
  4 adders
  A howler monkey skeleton (D:6)
  A river rat (shapeshifter) (Vaults:5)
  A shadow imp (D:7)
  2 white imps (D:7)
  An ufetubus (D:5)
  An iguana zombie (Crypt:1)
  2 worms (D:2)
  4 dart slugs
  61 orcs
  An orc (shapeshifter) (Depths:3)
  A ball python (shapeshifter) (Vaults:5)
  5 ball pythons
  9 endoplasms
  A giant cockroach (D:1)
  12 goblins
  8 hobgoblins
  4 jackals
  16 kobolds
  A kobold (shapeshifter) (Vaults:5)
  7 bats
  3 frilled lizards
  A frilled lizard zombie (Crypt:1)
  4 rats
  5 tentacles (Shoals:4)
2138 creatures vanquished.

Vanquished Creatures (collateral kills)
  A royal mummy (Tomb:1)
  2 deep elf master archers (Elf:3)
  A storm dragon (Vaults:5)
  A tengu reaver (Vaults:5)
  An imperial myrmidon (Desolation)
  2 vault wardens
  2 deep elf sorcerers (Elf:3)
  A balrug (Depths:1)
  An ironbound preserver (Vaults:1)
  2 stone giants
  A deep elf demonologist (Elf:3)
  2 deep elf annihilators (Elf:3)
  3 bennus (Tomb:3)
  2 purple draconians (WizLab)
  An ettin (Vaults:5)
  A deep elf death mage (Vaults:5)
  A fire dragon (Volcano)
  A deep elf high priest (Vaults:5)
  2 mummy priests (Tomb:2)
  4 vault guards
  A yaktaur captain (Vaults:2)
  2 naga warriors (Snake:4)
  An ice dragon (Depths:4)
  A peacekeeper (Desolation)
  3 anacondas
  2 dancing weapons (Elf:2)
  2 naga sharpshooters
  6 deep elf knights
  A salamander mystic (Snake:4)
  A skeletal warrior (Tomb:2)
  2 deep trolls
  2 deep elf archers
  2 naga ritualists
  A wizard (Vaults:2)
  An ironbound convoker (Vaults:3)
  5 deep elf zephyrmancers
  A phantasmal warrior (Vaults:2)
  2 deep elf pyromancers
  2 harpies (Vaults:2)
  2 orc knights (Orc:2)
  2 mana vipers (Snake:2)
  An orc sorcerer (Orc:2)
  A frost giant zombie (Tomb:2)
  An ugly thing (Vaults:2)
  A black mamba (Snake:3)
  4 salamanders (Snake:4)
  6 naga magi
  2 vault sentinels
  A tengu conjurer (WizLab)
  4 yaktaurs
  7 guardian mummies
  A slime creature (Vaults:1)
  A saltling (Desolation)
  An alligator skeleton (Tomb:2)
  4 ushabtiu (Tomb:2)
  A vampire mosquito (D:13)
  3 nagas
  4 orc warriors
  A boggart (D:13)
  An ogre (Orc:2)
  2 orc priests (Orc:2)
  3 orc wizards
  A gnoll (Orc:1)
  8 orcs
133 creatures vanquished.

Vanquished Creatures (others)
  An ironbound preserver (Vaults:2)
  2 deep elf archers (Elf:3)
  2 deep elf pyromancers (Elf:3)
  A tengu conjurer (Depths:2)
  A blink frog (shapeshifter) (Elf:3)
  A steam dragon (Volcano)
  A water moccasin (Lair:6)
  An orc warrior (Orc:2)
  An ogre (Orc:1)
  An orc priest (Orc:2)
  A gnoll (Orc:1)
  3 bushes (D:8)
  48 fungi
  239 plants
  9 tentacles (Shoals:4)
  28 withered plants
340 creatures vanquished.

Grand Total: 2611 creatures vanquished

Notes
Turn   | Place    | Note
-------+----------+-------------------------------------------
     0 | D:1      | Delver the Minotaur Hunter began the quest for the Orb.
     0 | D:1      | Reached XP level 1. HP: 18/18 MP: 0/0
   100 | D:1      | Reached XP level 2. HP: 23/25 MP: 1/1
   291 | D:1      | Reached skill level 1 in Armour
   390 | D:1      | Found a faded altar of an unknown god.
   786 | D:1      | Reached XP level 3. HP: 30/30 MP: 2/2
   944 | D:2      | Reached skill level 1 in Maces & Flails
  1609 | D:3      | Noticed an ogre
  1612 | D:3      | Killed an ogre
  1613 | D:3      | Reached skill level 5 in Crossbows
  1613 | D:3      | Reached XP level 4. HP: 39/39 MP: 3/3
  1613 | D:3      | Reached XP level 5. HP: 45/45 MP: 4/4
  2340 | D:4      | Reached XP level 6. HP: 46/52 MP: 5/5
  2898 | D:4      | Found a glowing silver altar of Zin.
  3082 | D:5      | Entered Level 5 of the Dungeon
  3199 | D:5      | Noticed a yak
  3209 | D:5      | Noticed a yak
  3209 | D:5      | Noticed a yak
  3210 | D:5      | Noticed a yak
  3210 | D:5      | Noticed a water moccasin
  3279 | D:5      | Killed a yak
  3280 | D:5      | Reached XP level 7. HP: 54/60 MP: 6/6
  3285 | D:5      | Killed a yak
  3286 | D:5      | Reached skill level 5 in Maces & Flails
  3397 | D:5      | Noticed a yak
  3451 | D:4      | Killed a yak
  3452 | D:4      | Reached skill level 5 in Fighting
  3602 | D:4      | Killed a yak
  3603 | D:4      | Reached XP level 8. HP: 51/68 MP: 7/7
  3715 | D:5      | Found a staircase to the Ecumenical Temple.
  3724 | Temple   | Entered the Ecumenical Temple
  3729 | Temple   | Became a worshipper of Trog the Wrathful
  4290 | D:5      | Reached skill level 5 in Dodging
  4291 | D:5      | Found a hide-covered altar of Uskayaw.
  4443 | D:5      | Reached skill level 5 in Armour
  4763 | D:4      | Reached XP level 9. HP: 50/77 MP: 8/8
  5486 | D:6      | Reached * piety under Trog
  6267 | D:7      | Reached ** piety under Trog
  6969 | D:7      | Found a sacrificial altar of Ru.
  6970 | D:7      | Found a sparkling altar of Nemelex Xobeh.
  6970 | D:7      | Found a stormy altar of Qazlal.
  6973 | D:7      | Found a hazy altar of Hepliaklqana.
  7397 | D:8      | Reached XP level 10. HP: 86/86 MP: 9/9
  7998 | D:8      | Reached skill level 10 in Maces & Flails
  8192 | D:8      | Reached *** piety under Trog
  8248 | D:7      | Reached skill level 1 in Evocations
  8437 | D:8      | Found a staircase to the Lair.
  8828 | D:9      | Noticed a two-headed ogre
  9054 | D:9      | Found a glowing golden altar of the Shining One.
  9056 | D:9      | Noticed an angel
  9088 | D:9      | Found a basalt altar of Yredelemnul.
  9090 | D:9      | Noticed a profane servitor
  9132 | D:9      | Noticed a boulder beetle
  9133 | D:9      | Noticed a manticore
  9196 | D:9      | Killed a two-headed ogre
  9415 | D:9      | Found a snail-covered altar of Cheibriados.
  9520 | D:9      | Reached XP level 11. HP: 94/95 MP: 10/10
  9872 | D:10     | Entered Level 10 of the Dungeon
  9987 | D:10     | Reached **** piety under Trog
 10151 | D:10     | Noticed Erolcha
 10186 | D:10     | Killed Erolcha
 10355 | D:10     | Found an ancient bone altar of Kikubaaqudgha.
 10437 | D:10     | Found Amoepleru's Armour Emporium.
 10723 | D:10     | Found a staircase to the Orcish Mines.
 10731 | D:10     | Noticed Maurice
 10753 | D:10     | Killed Maurice
 10808 | D:10     | Found a portal to a secret trove of treasure.
 10883 | Trove    | Entered a treasure trove
 10888 | Trove    | Found the +3 pair of seven-league boots {Rampage+∞}
 10927 | Trove    | Identified the +1 leather armour of Entitlement {rElec
                  | rPois Dex-4}
 11044 | D:10     | Bought a +1 kite shield of positive energy for 202 gold
                  | pieces
 11044 | D:10     | Bought the +2 chain mail of Inquiry {rF+ Str+6} for 616
                  | gold pieces
 11239 | D:10     | Reached skill level 1 in Shields
 11336 | D:10     | Found a burning altar of Makhleb.
 11431 | D:10     | Identified the +10 quarterstaff "Ogion" {spect, Will+ Int-2
                  | Dex+4 Stlth+}
 11465 | D:11     | Noticed a four-headed hydra
 11470 | D:11     | Noticed a five-headed hydra
 11483 | D:10     | Killed a four-headed hydra
 11539 | D:11     | Killed a five-headed hydra
 11639 | D:11     | Noticed a boulder beetle
 11643 | D:11     | Noticed a deep elf pyromancer
 11680 | D:10     | Killed a deep elf pyromancer
 11741 | Lair:1   | Entered Level 1 of the Lair of Beasts
 11769 | Lair:1   | Reached skill level 10 in Fighting
 11769 | Lair:1   | Reached XP level 12. HP: 106/106 MP: 11/11
 11909 | Lair:1   | Identified the +0 robe of Miucluol {Int+5}
 11924 | Lair:1   | Found a gate leading to a gauntlet.
 11943 | Gauntlet | Entered a Gauntlet
 11943 | Gauntlet | Noticed a death scarab
 11943 | Gauntlet | Found a transporter.
 11943 | Gauntlet | Found a transporter.
 11949 | Gauntlet | Found a transporter.
 11949 | Gauntlet | Found a transporter.
 11950 | Gauntlet | Found a transporter.
 11951 | Gauntlet | Found a large runed translucent door.
 11952 | Gauntlet | Found a large runed translucent door.
 11952 | Gauntlet | Noticed a blizzard demon
 11953 | Gauntlet | Found a large runed translucent door.
 11953 | Gauntlet | Found a large runed translucent door.
 11953 | Gauntlet | Found a runed translucent door.
 11953 | Gauntlet | Found a runed translucent door.
 11954 | Gauntlet | Found a large runed translucent door.
 11954 | Gauntlet | Found a large runed translucent door.
 11954 | Gauntlet | Found a large runed translucent door.
 11954 | Gauntlet | Found a large runed translucent door.
 11955 | Gauntlet | Found a large runed translucent door.
 11956 | Gauntlet | Found a large runed translucent door.
 11960 | Gauntlet | Found a transporter.
 12000 | Gauntlet | Killed a death scarab
 12222 | Gauntlet | Identified the +1 great sword of Profit {drain, *Noise
                  | +Blink Str+4 Dex+3}
 12235 | Gauntlet | Found a transporter.
 12260 | Gauntlet | Found a transporter.
 12343 | Gauntlet | Found a transporter.
 12345 | Gauntlet | Paralysed by a hornet for 1 turns
 12353 | Gauntlet | Reached skill level 10 in Crossbows
 12361 | Gauntlet | Found a transporter.
 12371 | Gauntlet | Found a large runed translucent door.
 12371 | Gauntlet | Found a large runed translucent door.
 12371 | Gauntlet | Found a large runed translucent door.
 12371 | Gauntlet | Found a runed translucent gate.
 12506 | Gauntlet | Found a runed translucent gate.
 12506 | Gauntlet | Found a transporter.
 12507 | Gauntlet | Found a runed translucent gate.
 12508 | Gauntlet | Found a large runed translucent door.
 12508 | Gauntlet | Found a large runed translucent door.
 12508 | Gauntlet | Found a large runed translucent door.
 12576 | Gauntlet | Found a transporter.
 12585 | Gauntlet | Noticed a minotaur
 12609 | Gauntlet | Killed a minotaur
 12610 | Gauntlet | Reached skill level 5 in Shields
 12915 | Lair:1   | Noticed Urug
 12945 | Lair:1   | Killed Urug
 12946 | Lair:1   | Reached skill level 10 in Armour
 13260 | Lair:1   | Reached skill level 5 in Evocations
 13765 | Lair:2   | Noticed a five-headed hydra
 13795 | Lair:2   | Killed a five-headed hydra
 13796 | Lair:2   | Noticed a seven-headed hydra
 13799 | Lair:2   | Noticed an eight-headed hydra
 13859 | Lair:2   | Noticed a five-headed hydra
 13866 | Lair:1   | Killed a seven-headed hydra
 14226 | Lair:2   | Killed a five-headed hydra
 14359 | Lair:2   | Killed an eight-headed hydra
 14485 | Lair:2   | Reached XP level 13. HP: 115/115 MP: 12/12
 14636 | Lair:2   | Reached skill level 10 in Dodging
 15234 | Lair:3   | Found a staircase to the Shoals.
 16136 | Lair:3   | Reached skill level 1 in Stealth
 16273 | Lair:3   | Found a staircase to the Snake Pit.
 17257 | Lair:4   | Identified the +4 battleaxe "Gaugarui" {flame, +Rage rPois}
 18200 | Lair:5   | Reached XP level 14. HP: 125/125 MP: 13/13
 18576 | Lair:6   | Entered Level 6 of the Lair of Beasts
 18934 | Lair:6   | Reached ***** piety under Trog
 18985 | Lair:6   | Identified a scroll of acquirement
 18985 | Lair:6   | Acquired a manual of Maces & Flails
 19051 | Lair:6   | Noticed Snorg
 19060 | Lair:6   | Killed Snorg
 19585 | Lair:6   | Received a gift from Trog
 19776 | Lair:6   | Identified the +5 rapier of Imbalance {vorpal, Str+4}
 19870 | Lair:6   | Found a staircase to the Slime Pits.
 20547 | Orc:1    | Entered Level 1 of the Orcish Mines
 21125 | Orc:2    | Entered Level 2 of the Orcish Mines
 21214 | Orc:2    | Found a dark tunnel.
 21233 | Volcano  | Entered a volcano
 21281 | Volcano  | Reached skill level 10 in Shields
 21467 | Orc:2    | Received a gift from Trog
 21658 | Orc:2    | Noticed Saint Roka
 21665 | Orc:2    | Reached XP level 15. HP: 96/134 MP: 14/14
 21681 | Orc:2    | Killed Saint Roka
 22032 | Orc:2    | Found Ohuuppag's Antique Armour Emporium.
 22047 | Orc:2    | Found Zysmig's General Store.
 22058 | Orc:2    | Bought a potion of resistance for 120 gold pieces
 22058 | Orc:2    | Bought a scroll of blinking for 90 gold pieces
 22058 | Orc:2    | Bought a potion of curing for 36 gold pieces
 22058 | Orc:2    | Bought a scroll of identify for 24 gold pieces
 22067 | Orc:2    | Found a staircase to the Elven Halls.
 22220 | Orc:2    | Found Zorhaz's Book Emporium.
 22260 | Orc:2    | Found Fihaanacu's Antique Weapon Emporium.
 22476 | Orc:2    | Bought a spiked cloak for 304 gold pieces
 22476 | Orc:2    | Identified the +2 cloak of Heresy {rPois Will+ Int-3} (You
                  | bought it in a shop on level 2 of the Orcish Mines)
 22502 | Orc:2    | Bought a manual of Stealth for 1040 gold pieces
 22769 | D:11     | Acquired a +4 ring of evasion
 22799 | D:11     | You fall into a shaft and drop 1 floor!
 23201 | D:12     | Reached skill level 5 in Stealth
 23258 | D:12     | Found a stormy altar of Qazlal.
 23379 | D:12     | Identified the +8 rapier "Pendulum" {freeze, rC++ Will+++
                  | Int-3 SInv}
 24162 | D:13     | Found a gate to the Vaults.
 24684 | D:14     | Reached skill level 15 in Maces & Flails
 24691 | D:14     | Received a gift from Trog
 24980 | D:14     | Noticed Agnes
 24991 | D:14     | Killed Agnes
 25083 | D:15     | Entered Level 15 of the Dungeon
 25393 | D:15     | Reached XP level 16. HP: 139/144 MP: 15/15
 25485 | D:15     | Found a glowing golden altar of the Shining One.
 25698 | D:15     | Found a staircase to the Depths.
 25800 | D:15     | Identified the +9 spear "Coozuofy" {vorpal, Dex+2 SInv}
 26060 | Snake:1  | Entered Level 1 of the Snake Pit
 26191 | Snake:1  | Reached skill level 1 in Staves
 26212 | Snake:1  | Noticed Aizul
 26234 | Snake:1  | Killed Aizul
 27846 | Snake:2  | Received a gift from Trog
 28037 | Snake:2  | Found Ricog's Book Shoppe.
 28039 | Snake:2  | Found Vufairr's Jewellery Boutique.
 28040 | Snake:2  | Found Vulaust's Book Shoppe.
 28151 | Snake:2  | Found Lafef's Assorted Antiques.
 28338 | Snake:3  | Upgraded the game from 0.27.1-2-g3b301248ec to
                  | 0.27.1-3-gb3d3a73c9e
 29809 | Snake:4  | Entered Level 4 of the Snake Pit
 30010 | Snake:3  | Reached XP level 17. HP: 154/154 MP: 16/16
 30988 | Snake:4  | Reached skill level 5 in Staves
 30997 | Snake:4  | Received a gift from Trog
 31000 | Snake:4  | Reached skill level 15 in Fighting
 31265 | Elf:1    | Entered Level 1 of the Elven Halls
 31828 | Elf:1    | Found Xaonock's Distillery.
 31828 | Elf:1    | Found Gomofrel's Distillery.
 31829 | Elf:1    | Found Qorihen's General Store.
 31834 | Elf:1    | Found Toasm's General Store.
 31851 | Elf:1    | Bought a potion of curing for 54 gold pieces
 31851 | Elf:1    | Bought a potion of curing for 54 gold pieces
 31851 | Elf:1    | Bought a potion of heal wounds for 90 gold pieces
 31936 | Elf:1    | Found a shimmering blue altar of Sif Muna.
 31989 | Elf:1    | Paralysed by an air elemental for 1 turns
 32198 | Elf:1    | Found Ziusies's Weapon Shoppe.
 32402 | Elf:1    | Paralysed by an air elemental for 1 turns
 32623 | Elf:1    | Bought a +3 hand crossbow of flaming for 396 gold pieces
 33006 | Elf:2    | Found a shimmering blue altar of Sif Muna.
 33230 | Elf:2    | Received a gift from Trog
 33238 | Elf:2    | Found a runed translucent gate.
 33239 | Elf:2    | Found a runed translucent gate.
 33239 | Elf:2    | Found a runed translucent gate.
 33660 | Elf:2    | Paralysed by an air elemental for 1 turns
 34182 | Elf:2    | Reached XP level 18. HP: 165/165 MP: 17/17
 34277 | Elf:2    | Reached skill level 10 in Stealth
 34300 | Elf:2    | Reached skill level 10 in Evocations
 34514 | Elf:3    | Entered Level 3 of the Elven Halls
 34526 | Elf:3    | Found Zipnoleg's Magic Scroll Shoppe.
 34557 | Elf:3    | Received a gift from Trog
 34617 | Elf:3    | Found a magical portal.
 34626 | WizLab   | Entered Iskenderun's Mystic Tower
 34708 | WizLab   | Reached skill level 1 in Axes
 35772 | Elf:3    | Found a runed translucent gate.
 35773 | Elf:3    | Found a runed translucent gate.
 35776 | Elf:3    | Found a runed translucent gate.
 35776 | Elf:3    | Identified the +0 robe of the Tired Lovers {-Tele rElec
                  | Int-4 Slay+5}
 35776 | Elf:3    | Noticed OdinelGallardo's ghost (adept DECj)
 35949 | Elf:3    | Bought a scroll of enchant weapon for 112 gold pieces
 35949 | Elf:3    | Bought a scroll of enchant weapon for 112 gold pieces
 35956 | Elf:3    | Bought a scroll of enchant armour for 112 gold pieces
 36020 | Elf:3    | Received a gift from Trog
 36470 | Elf:3    | Identified the +3 ring mail "Socvobirgh" {rPois rF+ rN+++
                  | Str-4}
 36489 | Elf:3    | Reached XP level 19. HP: 154/174 MP: 18/18
 37203 | Elf:3    | Acquired a +2 pair of gloves of strength
 37274 | Elf:3    | Identified the +1 ring mail of Bileowia {rPois rC- rN+
                  | Regen+}
 38332 | Snake:4  | Got a serpentine rune of Zot
 38482 | Snake:4  | Found Rekoor's Assorted Antiques.
 38492 | Snake:4  | Found Imnyupaf's Distillery.
 38514 | Snake:4  | Bought a scroll of enchant armour for 165 gold pieces
 39386 | Depths:1 | Entered Level 1 of the Depths
 39412 | Depths:1 | Received a gift from Trog
 39436 | Depths:1 | Reached skill level 5 in Axes
 39679 | D:15     | HP: 6/174 [frost giant/bolt of cold (42)]
 40152 | Depths:1 | Reached skill level 15 in Armour
 40270 | Depths:1 | Found a corrupted altar of Lugonu.
 40270 | Depths:1 | Found a one-way gate to the infinite horrors of the Abyss.
 40473 | Depths:1 | Found a gateway to Hell.
 40538 | Depths:1 | Found a gateway to a ziggurat.
 40585 | Depths:1 | Found a white marble altar of Elyvilon.
 41124 | Depths:2 | Found a burning altar of Makhleb.
 41132 | Depths:2 | Found a runed translucent door.
 41133 | Depths:2 | Noticed a golden dragon
 41148 | Depths:2 | Identified the +8 dagger "Newtbane" {holy, SInv}
 41659 | Depths:2 | Identified the +5 hand crossbow "Hellblazer" {venom, rElec
                  | rPois rC+ Dex-5}
 42306 | Depths:3 | Found a sacrificial altar of Ru.
 42530 | Depths:3 | Found a one-way gate leading to the halls of Pandemonium.
 42586 | Depths:3 | Reached XP level 20. HP: 181/184 MP: 19/19
 42622 | Depths:3 | Found Soeqacw's Distillery.
 42780 | Depths:3 | Bought a potion of haste for 140 gold pieces
 42780 | Depths:3 | Bought a potion of curing for 42 gold pieces
 43303 | Depths:3 | Identified the +2 leather armour of Modesty {Str+6 Int+4}
 43316 | Depths:3 | Noticed a royal mummy
 43334 | Depths:3 | Killed a royal mummy
 43868 | Depths:4 | Received a gift from Trog
 43969 | Depths:4 | Found a radiant altar of Vehumet.
 44051 | Depths:4 | Noticed Xtahua
 44088 | Depths:4 | Killed Xtahua
 44524 | Depths:4 | Reached skill level 15 in Shields
 44793 | Depths:4 | Found a large runed translucent door.
 44794 | Depths:4 | Found a large runed translucent door.
 44795 | Depths:4 | Found a large runed translucent door.
 44796 | Depths:4 | Found a large runed translucent door.
 44800 | Depths:4 | Found a large runed translucent door.
 44800 | Depths:4 | Found a large runed translucent door.
 45012 | Depths:4 | Reached skill level 15 in Crossbows
 45367 | Depths:4 | Found a large runed translucent door.
 45651 | Depths:4 | Found a large runed translucent door.
 45861 | Depths:5 | Entered Level 5 of the Depths
 45917 | Depths:5 | Found a runed translucent door.
 45938 | Depths:5 | Noticed Viocziel's ghost (adept TrMo)
 45965 | Depths:5 | Found a hazy altar of Hepliaklqana.
 46076 | Depths:5 | Found Ziepni's Jewellery Boutique.
 46116 | Depths:5 | Noticed a caustic shrike
 46117 | Depths:5 | Received a gift from Trog
 46120 | Depths:5 | Noticed a caustic shrike
 46120 | Depths:5 | Noticed a caustic shrike
 46122 | Depths:5 | Noticed a caustic shrike
 46123 | Depths:5 | Noticed a caustic shrike
 46124 | Depths:5 | Killed a caustic shrike
 46125 | Depths:5 | Reached XP level 21. HP: 133/195 MP: 20/20
 46171 | Depths:4 | Killed a caustic shrike
 46455 | Depths:4 | Killed a caustic shrike
 46716 | Depths:4 | Killed a caustic shrike
 46717 | Depths:4 | Reached skill level 15 in Dodging
 47231 | Depths:5 | Killed a caustic shrike
 47788 | Depths:5 | Found a gate to the Realm of Zot.
 48171 | Shoals:1 | Entered Level 1 of the Shoals
 48780 | Shoals:1 | Identified the +2 chain mail of Joy {*Slow rElec rPois}
 48815 | Shoals:1 | Identified the +0 leather armour "Feol Bie" {Harm Str+4
                  | Int+2}
 49053 | Shoals:1 | Received a gift from Trog
 49393 | Shoals:2 | Noticed Jorgrun
 49414 | Shoals:2 | Killed Jorgrun
 49877 | Shoals:2 | Noticed Polyphemus
 49915 | Shoals:2 | Killed Polyphemus
 50281 | Shoals:2 | Found a runed translucent door.
 50782 | Shoals:3 | Received a gift from Trog
 50930 | Shoals:3 | Reached XP level 22. HP: 206/206 MP: 21/21
 50966 | Shoals:3 | Acquired a manual of Armour
 51355 | Shoals:4 | Entered Level 4 of the Shoals
 51355 | Shoals:4 | Found Xeseicro's General Store.
 51362 | Shoals:4 | Bought a scroll of silence for 150 gold pieces
 51432 | Shoals:4 | Found Dabron's Assorted Antiques.
 51438 | Shoals:4 | Bought a potion of invisibility for 224 gold pieces
 51438 | Shoals:4 | Bought a potion of invisibility for 224 gold pieces
 51552 | Shoals:4 | Reached skill level 1 in Polearms
 51596 | Shoals:4 | Found Juvofrie's CLEARANCE SALE! EVERYTHING MUST GO!.
 51604 | Shoals:4 | Bought a scroll of teleportation for 12 gold pieces
 51681 | Shoals:4 | Got a barnacled rune of Zot
 51813 | Shoals:4 | Found Zisuh's Assorted Antiques.
 51822 | Shoals:4 | Bought a potion of curing for 123 gold pieces
 51822 | Shoals:4 | Bought a scroll of enchant armour for 307 gold pieces
 51986 | Shoals:4 | Identified the +10 shortbow "Anylou" {vorpal, Dex+4}
 52785 | Vaults:1 | Entered Level 1 of the Vaults
 52942 | Vaults:1 | Found a crumbling gateway.
 53019 | Desolati | Entered the Desolation of Salt
 53047 | Desolati | Received a gift from Trog
 53048 | Desolati | Reached skill level 10 in Axes
 53118 | Desolati | Found the +3 sling "Punk" {acid, rCorr}
 53157 | Desolati | Identified the +3 flail of Dysiutwu {flame, rElec Will++
                  | Dex-5 Stlth+}
 53172 | Desolati | Identified the amulet of Pinytwakho {Faith Will+ Str+3
                  | Dex-3}
 53248 | Desolati | Identified the ring of Dithmenos's Esteem {Drain rElec rC+
                  | rN+ Will++}
 53583 | Desolati | Received a gift from Trog
 53604 | Desolati | Identified the +2 swamp dragon scales of the Frog {rPois
                  | rN+ Regen+}
 53609 | Desolati | Identified the ring of Ushraiqa {Contam rF+ rN+ MP+9 Dex+2}
 54859 | Vaults:1 | Received a gift from Trog
 54976 | Vaults:1 | Found Oples's Book Shop.
 55138 | Vaults:1 | Identified the +7 arbalest "Duaxoy" {vorpal, Str+7}
 55693 | Vaults:2 | Reached XP level 23. HP: 136/215 MP: 22/22
 55711 | Vaults:2 | Reached ****** piety under Trog
 56054 | Vaults:2 | Reached skill level 5 in Polearms
 56288 | Vaults:2 | You fall into a shaft and drop 2 floors!
 56311 | Vaults:4 | Received a gift from Trog
 57063 | Vaults:2 | Received a gift from Trog
 57336 | Vaults:3 | Noticed Sojobo
 57692 | Vaults:2 | Killed Sojobo
 57752 | Vaults:3 | Received a gift from Trog
 58407 | Vaults:3 | Found a staircase to the Crypt.
 58699 | Vaults:3 | Noticed Donald
 58707 | Vaults:3 | Killed Donald
 59243 | Vaults:4 | Reached XP level 24. HP: 226/226 MP: 22/22
 59643 | Vaults:4 | Received a gift from Trog
 60088 | Vaults:5 | Entered Level 5 of the Vaults
 60117 | Vaults:5 | Noticed a dread lich
 60239 | Vaults:5 | Received a gift from Trog
 60637 | Vaults:5 | Killed a dread lich
 62048 | Vaults:5 | Identified the ring "Epulepn" {Wiz +Blink rN+}
 62081 | Vaults:5 | Identified the +1 ring mail of the Barber Surgeon {+Inv}
 62084 | Vaults:5 | Got a silver rune of Zot
 62157 | Vaults:5 | Reached XP level 25. HP: 235/235 MP: 22/22
 62166 | Vaults:5 | Identified the +4 scale mail "Cikhlaathi" {Dex+3}
 62188 | Vaults:5 | Identified the +9 plate armour "Qeurih" {rF+ Will+}
 62499 | Vaults:5 | Noticed Boris
 62511 | Vaults:5 | Killed Boris
 62629 | Vaults:5 | Received a gift from Trog
 62919 | Crypt:1  | Entered Level 1 of the Crypt
 63547 | Crypt:1  | Noticed an ancient lich
 63843 | Crypt:1  | Killed an ancient lich
 64035 | Crypt:2  | Identified the +6 war axe of Doubt {vorpal, Fly Will- rCorr
                  | Dex+6} (Trog gifted it to you on level 2 of the Crypt)
 64035 | Crypt:2  | Received a gift from Trog
 64428 | Crypt:2  | Identified the +9 rapier "Afastrube" {vorpal, *Noise rCorr
                  | Str+4 Dex+4}
 65061 | Crypt:3  | Entered Level 3 of the Crypt
 65291 | Crypt:3  | Received a gift from Trog
 65544 | Crypt:3  | Reached skill level 10 in Polearms
 65588 | Crypt:3  | Noticed Frederick
 65599 | Crypt:3  | Killed Frederick
 65766 | Crypt:3  | Noticed Margery
 65777 | Crypt:3  | Killed Margery
 66106 | Crypt:3  | Received a gift from Trog
 66147 | Crypt:3  | Reached XP level 26. HP: 223/246 MP: 22/22
 66391 | Crypt:3  | Found a basalt altar of Yredelemnul.
 66464 | Crypt:3  | Noticed an ancient lich
 66474 | Crypt:3  | Killed an ancient lich
 66580 | Crypt:3  | Found a staircase to the Tomb.
 66704 | Tomb:1   | Entered Level 1 of the Tomb of the Ancients
 66944 | Tomb:1   | Noticed a royal mummy
 67242 | Tomb:1   | Killed a royal mummy
 68753 | Tomb:2   | Noticed a royal mummy
 68753 | Tomb:2   | Noticed a royal mummy
 68753 | Tomb:2   | Noticed a royal mummy
 68754 | Tomb:2   | Noticed a royal mummy
 68796 | Tomb:2   | HP: 3/243 [something (15)]
 69344 | Tomb:2   | Received a gift from Trog
 69424 | Tomb:3   | Entered Level 3 of the Tomb of the Ancients
 69443 | Tomb:3   | Noticed a royal mummy
 69477 | Tomb:3   | HP: 3/241 [ancient champion/iron shot (14)]
 69478 | Tomb:3   | Mangled by an emperor scorpion

Illustrated notes

Levels and vault maps discovered:
D:1:      roderic_crop_circles_arrival_small, layout_basic,
          basic_ecumenical_altar, grunt_decor_clamped
D:2:      layout_basic
D:3:      layout_rooms
D:4:      layout_gridville, lemuel_doored_altar, minmay_puff
D:5:      layout_basic, nicolae_uskayaw_dance_hall,
          minmay_temple_entry_stoned_glass
D:6:      layout_basic, chequers_serial_rivers_small_b
D:7:      layout_loops_ring, grunt_temple_overflow_open,
          minmay_misc_feat_diagonals
D:8:      layout_loops_ring, minmay_lair_entry_grove,
          amcnicky_mini_rare_corridor_liquid
D:9:      layout_loops_ring, grunt_temple_overflow_holy_war,
          mainiacjoe_overflow_alcove_2, lightli_corner_chamber
D:10:     layout_long_grid, kiku_gazebo_pond_becter,
          nicolae_overflow_hidden_temple, orc_0_dummy,
          nicolae_trove_entry_path_of_doom, serial_shops,
          nicolae_lakefront_shop, uniq_maurice, uniq_erolcha
D:11:     layout_cave_pools, kennysheep_big_empty_room
D:12:     layout_roguey, grunt_qazlal_sundering
D:13:     layout_irregular_city, lightli_vaults_fourway_checkpoint
D:14:     layout_roguey, serial_bayou_pond_a, uniq_agnes
D:15:     grunt_enter_depths_snipers, layout_basic, nicolae_tso_carved_into_rock
Temple:   minmay_freezing_vapour_temple
Lair:1:   layout_roguey [special_room_bee], serial_forest,
          infiniplex_forest_clump_double, infiniplex_forest_lined_3,
          infiniplex_forest_clump_large, infiniplex_forest_lined_room_2,
          infiniplex_forest_clump_diagonal, infiniplex_forest_zigzag_1,
          infiniplex_forest_clump_tiny, gauntlet_entry_generic, uniq_urug
Lair:2:   layout_chaotic_city, serial_bayou_crossing, grunt_megastairs_2
Lair:3:   layout_roguey, minmay_shoals_entry_beasts,
          minmay_snake_entry_six_corridors, serial_bayou_pond_c,
          chequers_serial_rivers_small_b, chequers_serial_rivers_micro_a,
          serial_bayou_shore_a
Lair:4:   layout_roguey
Lair:5:   layout_regular_city
Lair:6:   hangedman_lair_tendril_chambers, layout_big_grid,
          nicolae_slime_entry_slimehenge, serial_bayou_shore_b, uniq_snorg
Shoals:1: layout_shoals, nicolae_shoals_flooded_hall
Shoals:2: layout_shoals, lightli_airlock, uniq_polyphemus, uniq_jorgrun
Shoals:3: layout_shoals, nicolae_shoals_siren_and_animal_friends
Shoals:4: shoals_end_grunt_ice, layout_shoals, serial_shops,
          nicolae_shop_overgrown_old_shop, shop, nicolae_shop_stone,
          nicolae_shop_clearance
Snake:1:  layout_rooms, nicolae_snake_serpentine_hallways,
          serial_bayou_lagoon_a, nicolae_snake_gridmaze_squiggle, uniq_aizul
Snake:2:  layout_cave_pods, serial_shops, shop, grunt_ministairs_3,
          minmay_shop_grove
Snake:3:  layout_chambers
Snake:4:  snake_pit, layout_cave_shapes, nicolae_snake_shapes, minmay_shop_star
Orc:1:    layout_diamond_mine, basic_altar, mines2_lemuel
Orc:2:    grunt_orc_cross, layout_caves, enter_volcano_3, nicolae_orc_rockfall
Elf:1:    eino_elf_arrival_customs, layout_geoelf_diagonals, basic_altar,
          serial_shops, nicolae_lakefront_shop, kennysheep_underground_church,
          st_stairs_2, nicolae_elf_glass_and_crystal_pillar_1, minmay_shoptagon
Elf:2:    nicolae_elf_blades_crystal_corner, layout_loops_corners, basic_altar,
          st_stairs_14
Elf:3:    minmay_elf_hall, layout_loops_ring, mu_enter_wizlab_6,
          gammafunk_ghost_tricky_traps, serial_shops, nicolae_shop_waterfront
Vaults:1: nicolae_vaults_mini_display_case, nicolae_vaults_alarming,
          hangedman_vaults_maws, nicolae_vaults_twisting_passages,
          nicolae_vaults_little_squares_6, vaults_room_boxed,
          nicolae_vaults_little_squares_1, ontoclasm_vaults_tryst,
          layout_vaults_omnicross, portal_desolation_entry_garden, serial_shops,
          nicolae_square_shop
Vaults:2: ontoclasm_vaults_loading_screen, vaults_room_guarded_vault,
          nicolae_vaults_ring_of_whatevers, nicolae_vaults_border_crossing,
          dpeg_vaults_monster_box, vaults_room_fours, layout_vaults_omnigrid
Vaults:3: vaults_dpeg_ring, hangedman_vaults_snaps, ontoclasm_vaults_spin,
          vaults_mumra_hexcomb, nicolae_vaults_network_quinsquares
          [nicolae_vaults_network_quincunx_subvault,
          nicolae_vaults_network_quincunx_subvault,
          nicolae_vaults_network_quincunx_subvault,
          nicolae_vaults_network_quincunx_subvault], grunt_vaults_hallway_long,
          v_misc_25, nicolae_vaults_network_s, nicolae_vaults_little_squares_1,
          nicolae_vaults_little_ls, vaults_room_grid, v_alt_pattern_4,
          minmay_crypt_entry_simple_walls, nicolae_vaults_little_squares_4,
          layout_vaults_maze_bifur, uniq_donald, uniq_sojobo
Vaults:4: ontoclasm_vaults_decontamination, vaults_mumra_minichess_inversion,
          v_misc_13, vaults_room_pools, v_rooms_2, vaults_room_semicircle,
          vaults_room_pools, ontoclasm_vaults_idyll,
          nicolae_vaults_little_squares_1, ontoclasm_vaults_gateway,
          nicolae_vaults_little_squares_1, layout_vaults_omnibox
Vaults:5: serial_shops, uniq_boris
Crypt:1:  layout_misc_corridors, st_stairs_8, st_shrine_of_skulls
Crypt:2:  layout_chaotic_city
Crypt:3:  cryptofortress_bobbens, uniq_margery, uniq_frederick
Tomb:1
Tomb:2
Tomb:3
Depths:1: layout_forbidden_donut, enter_ziggurat_e, abyss_entry_flame_altar,
          lightli_too_deep, hangedman_abyss_or_decor_passed,
          grunt_ministairs_15, chequers_hall_statues_y, elyvilon_altar_5
Depths:2: minmay_the_grid_triangle_9x9_recursive_3_mashed
          [minmay_the_grid_triangle_9x9_subtriangle,
          minmay_the_grid_triangle_9x9_minimal,
          minmay_the_grid_triangle_9x9_shrine,
          minmay_the_grid_triangle_9x9_prize_insulated,
          minmay_the_grid_triangle_9x9_windchime,
          minmay_the_grid_triangle_9x9_descending_squares,
          minmay_the_grid_triangle_9x9_corruption,
          minmay_the_grid_triangle_9x9_flanged_cone,
          minmay_the_grid_triangle_9x9_sprig], layout_twisted_cross, hell_entry,
          minmay_holes
Depths:3: lemuel_minitomb, layout_cross, pf_hell_entry_tar_river, serial_shops,
          shop, nicolae_ru_sacrificial_ziggurat, grunt_pan_entry_zigzag,
          grunt_ministairs_10, roderic_serpentine_path,
          minmay_staircase_statues_hall_large
Depths:4: minmay_five_octagons, layout_cave_shapes, nicolae_vehumet_radiance,
          abyss_entry, hell_entry, infiniplex_staircase_split_hallway,
          uniq_saint_roka, uniq_xtahua
Depths:5: grunt_zot_entry_hairpin, layout_cave_shapes, hangedman_glass_teeth,
          serial_shops, shop, gammafunk_ghost_grave, hell_entry,
          nzn_hepliaklqana_mist_gate, serial_bayou_shore_b,
          kennysheep_random_hallway

Skill      XL: |  1  2  3  4  5  6  7  8  9 10 11 12 13 14 15 16 17 18 19 20 21 22 23 24 25 26 |
---------------+-------------------------------------------------------------------------------+-----
Armour         | 1 2 3 4 5 7 8 9 10 11 12 13 14 15 16 17 18 19 20 21 | 21.2
Maces & Flails | 2 3 4 5 7 9 10 11 12 13 14 15 16 17 18 19 20 | 20.5
Fighting       | 3 4 5 6 7 8 10 11 12 13 14 15 16 17 18 19 20 21 | 21.9
Crossbows      | 5 6 7 9 10 11 12 13 14 15 16 17 18 | 18.1
Dodging        | 3 4 5 6 7 9 10 11 12 13 14 15 16 17 | 17.8
Evocations     | 2 4 5 6 7 8 9 10 11 12 13 14 | 14.4
Shields        | 3 6 8 10 12 13 14 15 16 17 18 19 20 | 20.8
Stealth        | 3 4 6 8 9 10 11 12 13 14 | 14.5
Staves         | 4 6 7 8 |  8.1
Axes           | 4 6 8 9 10 11 12 13 14 | 14.0
Polearms       | 4 7 10 11 | 11.7

Action                   |  1- 3 |  4- 6 |  7- 9 | 10-12 | 13-15 | 16-18 | 19-21 | 22-24 | 25-27 || total
-------------------------+-------+-------+-------+-------+-------+-------+-------+-------+-------++-------
Melee: Short sword       |     1 |       |       |       |       |       |       |       |       ||     1
       Club              |    15 |       |       |       |       |       |       |       |       ||    15
       Headbutt          |     2 |     9 |    42 |   192 |   337 |   207 |   282 |   348 |   145 ||  1564
       Mace              |     3 |       |       |       |       |       |       |    13 |       ||    16
       Flail             |     1 |    44 |       |    28 |    15 |       |       |       |       ||    88
       Dagger            |       |     4 |       |       |       |       |       |       |       ||     4
       Whip              |       |    17 |   165 |   593 |   637 |       |       |       |       ||  1412
       Morningstar       |       |       |    44 |    17 |       |       |       |       |       ||    61
       Dire flail        |       |       |       |     9 |       |       |       |       |       ||     9
       Eveningstar       |       |       |       |       |   426 |   877 |   899 |  1056 |    80 ||  3338
       Executioner's axe |       |       |       |       |       |       |    18 |       |   438 ||   456
       War axe           |       |       |       |       |       |       |    12 |    72 |       ||    84
 Fire: Hand crossbow     |    79 |    53 |    97 |   174 |   367 |   223 |   621 |   657 |    24 ||  2295
       Arbalest          |       |       |       |       |       |       |       |       |   325 ||   325
Throw: Dart              |       |       |     1 |     2 |     5 |     3 |    13 |       |       ||    24
       Boomerang         |       |       |       |       |       |       |       |       |     1 ||     1
Invok: Berserk           |       |       |     6 |    15 |    43 |    26 |    20 |    17 |     9 ||   136
       Trog's Hand       |       |       |       |     1 |     1 |     4 |     4 |     3 |     2 ||    15
       Brothers in Arms  |       |       |       |       |     2 |    12 |     5 |     7 |    10 ||    36
 Abil: Evoke Blink       |       |       |       |       |       |       |       |       |     6 ||     6
Evoke: Wand              |       |       |     5 |     8 |    31 |    29 |    25 |    20 |     6 ||   124
       Box of beasts     |       |       |       |       |     2 |     2 |     5 |     7 |     2 ||    18
       Phantom mirror    |       |       |       |       |     1 |       |     1 |       |       ||     2
       Tin of tremorston |       |       |       |       |     1 |     6 |    13 |    14 |     2 ||    36
       Condenser vane    |       |       |       |       |       |       |     3 |     4 |       ||     7
       Lightning rod     |       |       |       |       |       |       |       |       |     1 ||     1
  Use: Scroll            |     4 |       |     4 |     3 |    21 |    16 |    14 |    12 |    14 ||    88
       Potion            |       |     1 |       |     8 |     5 |    15 |     2 |    13 |    11 ||    55
 Stab: Distracted        |       |       |       |       |       |     1 |     2 |     6 |       ||     9
       Sleeping          |       |       |       |       |       |       |       |     2 |     2 ||     4
Armor: Leather armour    |     6 |       |       |       |       |       |       |       |       ||     6
       Chain mail        |     8 |    56 |    31 |   153 |    82 |   226 |   154 |   114 |       ||   824
       Ring mail         |     1 |       |     3 |    76 |       |       |       |       |       ||    80
       Plate armour      |       |       |    56 |    37 |   251 |       |   117 |    54 |   417 ||   932
       Crystal plate arm |       |       |       |       |       |       |       |   139 |     3 ||   142
Dodge: Dodged            |    19 |    45 |    77 |   278 |   323 |   366 |   455 |   352 |   479 ||  2394
       Repelled          |       |       |       |       |       |       |     4 |     1 |       ||     5
Block: Kite shield       |       |       |       |   169 |   569 |   675 |   757 |   345 |       ||  2515
       Tower shield      |       |       |       |       |       |       |       |   665 |    37 ||   702
       Reflection        |       |       |       |       |       |       |       |    97 |     4 ||   101
